 Dungeon Crawl Stone Soup version 0.26.1-11-gd32895ea62 (webtiles) character file.

Game seed: 13955153201379291375

1290 RepoMan the Frost Mage (level 8, -7/48 HPs)
             Began as a Formicid Ice Elementalist on June 17, 2021.
             Was a Follower of the Shining One.
             Killed from afar by an orc wizard (8 damage)
             ... with a magic dart
             ... on level 6 of the Dungeon.
             The game lasted 00:34:27 (7997 turns).

RepoMan the Frost Mage (Formicid Ice Elementalist)  Turns: 7997, Time: 00:34:28

Health: -7/48      AC:  2    Str: 13    XL:     8   Next: 86%
Magic:  16/16      EV: 12    Int: 17    God:    the Shining One [*.....]
Gold:   56         SH:  0    Dex: 11    Spells: 11/18 levels left

rFire    + . .     SeeInvis +   b - +0 war axe
rCold    + . .     Faith    .   (no shield)
rNeg     . . .     Spirit   .   a - +0 robe
rPois    +         Reflect  .   (helmet unavailable)
rElec    +         Harm     .   (no cloak)
rCorr    +         Rampage  .   (no gloves)
Will     .....                  (no boots)
Stlth    +.........             (no amulet)
HPRegen  0.16/turn              j - ring of flight
MPRegen  0.15/turn              (no ring)

@: lethally poisoned (-7 -> -21), resistant, attractive, glowing
A: permanent stasis, dig shafts and tunnels, four strong arms, antennae 3, beak,
frail 2
a: Dig, Shaft Self, Renounce Religion, Evoke Flight


You were on level 6 of the Dungeon.
You worshipped the Shining One.
The Shining One was aware of your devotion.
You visited 2 branches of the dungeon, and saw 7 of its levels.

You collected 296 gold pieces.
You spent 240 gold pieces at shops.

Inventory:

Hand Weapons
 b - a +0 war axe (weapon)
 d - a +1 short sword of flaming
Armour
 a - a +0 robe (worn)
Jewellery
 j - a ring of flight (left hand)
Wands
 i - a wand of disintegration (12)
 n - a wand of polymorph (9)
Scrolls
 c - 2 scrolls of fear {unknown}
 e - 7 scrolls of identify {unknown}
 f - 6 scrolls of teleportation {unknown}
 g - 3 scrolls of remove curse {unknown}
 h - 4 scrolls of blinking {unknown}
 k - a scroll of immolation {unknown}
 l - 4 scrolls of amnesia {unknown}
 m - a scroll of fog {unknown}
 p - 2 scrolls of random uselessness {unknown}
 q - a scroll of magic mapping {unknown}
 t - a scroll of noise {unknown}
Potions
 o - a potion of attraction


   Skills:
 + Level 4.0 Fighting
 + Level 1.8 Axes
 - Level 1.7 Dodging
 - Level 2.4 Stealth
 + Level 5.6 Spellcasting
 * Level 8.4 Ice Magic


You had 11 spell levels left.
You knew the following spells:

 Your Spells              Type           Power        Failure   Level
a - Freeze                Ice            100%         1%          1
c - Ozocubu's Armour      Ice            33%          1%          3
r - Frozen Ramparts       Ice            66%          1%          3

Your spell library contained the following spells:

 Spells                   Type           Power        Failure   Level
 Ensorcelled Hibernation  Hex/Ice        38%          3%          2
 Corona                   Hex            4%           14%         1
 Magic Dart               Conj           16%          14%         1
 Call Imp                 Summ           4%           21%         2
 Slow                     Hex            4%           21%         2
 Hailstorm                Conj/Ice       19%          24%         4
 Summon Ice Beast         Ice/Summ       19%          24%         4
 Confusing Touch          Hex            4%           38%         3
 Conjure Flame            Conj/Fire      4%           38%         3
 Dazzling Flash           Conj/Hex       8%           38%         3
 Mephitic Cloud           Conj/Pois/Air  4%           38%         3
 Tukima's Dance           Hex            4%           38%         3
 Blink                    Tloc           Unusable     N/A         2

Dungeon Overview and Level Annotations

Branches:
Dungeon (6/15)             Temple (1/1) D:4

Altars:
Ashenzari
Cheibriados
Fedhas
Nemelex Xobeh
Ru
Sif Muna
Uskayaw
Vehumet
Wu Jian
Zin
The Shining One

Shops:
D:6 :

Annotations:
D:2 1 runed translucent door, Crazy Yiuf
D:6 2 transporters, Pereza0's ghost, novice TeSu


Innate Abilities, Weirdness & Mutations

You cannot be hasted, slowed, berserked, paralysed or teleported.
You can dig through walls and to a lower floor.
Your four strong arms can wield two-handed weapons with a shield.
You have a pair of large antennae on your head. (SInv)
You have a beak for a mouth.
You are very frail. (-20% HP)


Message History

* * * LOW HITPOINT WARNING * * *
The orc hits you with a +0 hand axe of venom.
* * * LOW HITPOINT WARNING * * *
The centaur completely misses you.
The orc wizard hits you with a +1 dagger of protection.
* * * LOW HITPOINT WARNING * * *
The orc wizard barely misses you.
Unknown command.
Okay, then.
It was a potion of mutation.
You feel extremely strange.
You feel frail. x2
Your mouth lengthens and hardens into a beak!
* * * LOW HITPOINT WARNING * * *
You feel sick. The centaur misses you. The orc barely misses you.
The orc wizard casts a spell at you.
Your stasis prevents you from being slowed.
The centaur closely misses you.
The orc wizard gestures at you while chanting.
The magic dart hits you!
You die...

####..###......#
###........####
##........###
#..##........#
#####..........
#(..........
#...........
#oo.........
#@..........
#co......
#........
#........
#........
#........
#........
#........


You could see a centaur, 2 orc wizards and an orc.

Vanquished Creatures
  An ice beast (D:5)
  2 sky beasts
  A centaur (D:5)
  3 scorpions
  2 howler monkeys
  A hound (D:4)
  4 orc priests
  2 orc wizards
  2 iguanas
  6 worker ants
  A hound skeleton (D:4)
  3 gnolls (D:4)
  12 adders
  3 shadow imps
  2 white imps
  An ufetubus (D:6)
  2 oozes
  An adder skeleton (D:4)
  A worm (D:3)
  A dart slug (D:1)
  4 leopard geckos
  22 orcs
  4 bats
  5 giant cockroaches
  3 hobgoblins (D:1)
  A jackal (D:4)
  A quokka (D:6)
  4 ball pythons (D:3)
  7 frilled lizards
  4 goblins
  7 kobolds
  11 rats
124 creatures vanquished.

Vanquished Creatures (others)
  A fungus (D:3)
1 creature vanquished.

Grand Total: 125 creatures vanquished

Notes
Turn   | Place    | Note
-------+----------+-------------------------------------------
     0 | D:1      | RepoMan the Formicid Ice Elementalist began the quest for
                  | the Orb.
     0 | D:1      | Reached XP level 1. HP: 13/13 MP: 3/3
    74 | D:1      | Reached XP level 2. HP: 14/19 MP: 0/5
   733 | D:1      | Reached XP level 3. HP: 25/25 MP: 4/6
   759 | D:1      | Learned a level 3 spell: Frozen Ramparts
   763 | D:1      | Learned a level 3 spell: Ozocubu's Armour
  1243 | D:2      | Reached skill level 1 in Fighting
  1515 | D:2      | Reached XP level 4. HP: 32/32 MP: 6/8
  1763 | D:2      | Reached skill level 5 in Ice Magic
  1871 | D:2      | Found a shimmering blue altar of Sif Muna.
  2038 | D:2      | Reached XP level 5. HP: 30/38 MP: 5/9
  2223 | D:2      | Found a runed translucent door.
  2224 | D:2      | Noticed Crazy Yiuf
  3450 | D:4      | Reached XP level 6. HP: 25/46 MP: 7/11
  3713 | D:4      | Reached skill level 6 in Ice Magic
  3932 | D:4      | Found a staircase to the Ecumenical Temple.
  3943 | Temple   | Entered the Ecumenical Temple
  3971 | Temple   | Became a worshipper of the Shining One
  4102 | D:4      | Found a sacrificial altar of Ru.
  4210 | D:4      | Reached XP level 7. HP: 52/52 MP: 8/13
  5229 | D:5      | Entered Level 5 of the Dungeon
  5494 | D:5      | Reached skill level 7 in Ice Magic
  5708 | D:5      | Reached XP level 8. HP: 46/58 MP: 10/15
  5836 | D:5      | The Shining One protects you from harm!
  6099 | D:5      | Reached skill level 5 in Spellcasting
  7152 | D:6      | Reached skill level 8 in Ice Magic
  7314 | D:6      | Found a transporter.
  7314 | D:6      | Noticed Pereza0's ghost (novice TeSu)
  7320 | D:6      | Noticed a wraith
  7320 | D:6      | Reached * piety under the Shining One
  7321 | D:6      | Noticed a wraith
  7338 | D:6      | Found a transporter.
  7346 | D:6      | Reached skill level 1 in Axes
  7561 | D:6      | Found a broken altar of Ashenzari.
  7607 | D:6      | Found Neaxoa's Book Boutique.
  7615 | D:6      | Bought a book of Minor Magic for 240 gold pieces
  7996 | D:6      | HP: 2/60 [orc wizard/+1 dagger of protection (2)]
  7997 | D:6      | Gained mutation: You are frail. (-10% HP) [potion of
                  | mutation]
  7997 | D:6      | Gained mutation: You are very frail. (-20% HP) [potion of
                  | mutation]
  7997 | D:6      | Gained mutation: You have a beak for a mouth. [potion of
                  | mutation]
  7997 | D:6      | Killed from afar by an orc wizard

Illustrated notes

Levels and vault maps discovered:
D:1:      minmay_arrival_jagged, layout_loops_ring
D:2:      layout_basic, general_overflow_altar, uniq_crazy_yiuf_cottage
D:3:      layout_basic, minmay_shallow_snake_nest
D:4:      minmay_spotlight, layout_layer_cave, minmay_temple_entry_junction_2,
          nicolae_ru_awakened_eye
D:5:      layout_basic, ldierk_geyser, saegor_snake_ambush
D:6:      layout_cave_pods, kennysheep_mini_moat, serial_shops, shop,
          gammafunk_ghost_mausoleum, uniq_edmund
Temple:   regret_index_temple_waves

Skill      XL: |  1  2  3  4  5  6  7  8 |
---------------+-------------------------+-----
Fighting       | 1 2 3 4 |  4.0
Spellcasting   | 3 4 5 |  5.6
Ice Magic      | 5 6 7 8 |  8.4
Axes           | 1 |  1.8
Dodging        | |  1.7
Stealth        | |  2.4

Action                   |  1- 3 |  4- 6 |  7- 9 || total
-------------------------+-------+-------+-------++-------
Melee: Unarmed           |     4 |       |       ||     4
       Club              |    33 |       |       ||    33
       Short sword       |     8 |    79 |    59 ||   146
       War axe           |       |       |    39 ||    39
 Cast: Freeze            |    28 |    28 |    14 ||    70
       Frozen Ramparts   |       |    12 |    17 ||    29
       Ozocubu's Armour  |       |     2 |     6 ||     8
Evoke: Wand              |       |       |     2 ||     2
  Use: Potion            |       |       |     6 ||     6
 Stab: Sleeping          |     3 |     1 |       ||     4
Armor: Robe              |    11 |    13 |    18 ||    42
Dodge: Dodged            |    36 |    57 |    82 ||   175
